 Dungeon Crawl Stone Soup version 0.27.1-2-g3b301248ec (webtiles) character file.

Game seed: 15452714135702272803

8866 worthlessgem the Carver (level 11, -3/76 HPs)
             Began as a Djinni Warper on Sept 27, 2021.
             Was a Believer of Makhleb.
             Slain by a freezing wraith (31 damage)
             ... in an ice cave.
             The game lasted 01:23:24 (18104 turns).

worthlessgem the Carver (Djinni Warper)            Turns: 18104, Time: 01:23:25

Health: -3/76      AC:  5    Str: 10    XL:     11   Next: 63%
Gold:   578        EV: 13    Int: 18    God:    Makhleb [**....] SH:  0 Dex: 13

rFire    + + .     SeeInvis +   w - +2 short sword (elec)
rCold    x . .     Faith    .   (no shield)
rNeg     . . .     Spirit   .   N - +0 troll leather armour
rPois    ∞         Reflect  .   (no helmet)
rElec    .         Harm     .   d - scarf {shadows}
rCorr    .         Rampage  .   i - +0 pair of gloves
Will     +....                  (boots unavailable)
Stlth    +++.......             y - amulet of the acrobat
HPRegen  1.22/turn              G - ring of see invisible
MPRegen  0.00/turn              (no ring)

@: flying, slowed, very slow
A: sickness immunity, fire resistance 2, cold vulnerability 1, float, innate
caster, hp casting, extra vitality 1
a: Renounce Religion, Minor Destruction


You were in an ice cave.
You worshipped Makhleb.
Makhleb was pleased with you.
You visited 2 branches of the dungeon, and saw 12 of its levels.
You also visited: Ice Cave.

You collected 733 gold pieces.
You spent 155 gold pieces at shops.

Inventory:

Hand Weapons
 a - the +8 Vampire's Tooth {vamp}
   (You found it on level 10 of the Dungeon)

   It occasionally heals its wielder for the full amount of damage dealt when it
   wounds a living foe.
 b - the +1 scimitar of the Crawling Thing {vorpal, rF+ Int+3}
   (You found it on level 8 of the Dungeon)

   It inflicts extra damage upon your enemies.
   Int:       It affects your intelligence (+3).
   rF:        It protects you from fire.
 e - a +2 dagger of venom
 w - a +2 short sword of electrocution (weapon)
 P - a +1 long sword of freezing
 Q - the +4 long sword of Fortitude {drain, Dex+5}
   (You found it in an ice cave)

   A truly terrible weapon, it drains the life of any living foe it strikes.
   Dex:       It affects your dexterity (+5).
Missiles
 h - 398 stones
 l - 18 boomerangs
 p - 7 curare-tipped darts
 u - 39 poisoned darts (quivered)
 A - 13 boomerangs of dispersal
 E - 75 bolts
 L - a throwing net
Armour
 d - a scarf of shadows (worn)
 i - a +0 pair of gloves (worn)
 n - +0 acid dragon scales
 N - a +0 troll leather armour (worn)
Jewellery
 y - an amulet of the acrobat (around neck)
 G - a ring of see invisible (left hand)
Wands
 v - a wand of acid (9)
 B - a wand of iceblast (26)
 F - a wand of mindburst (1)
 K - a wand of paralysis (6)
Scrolls
 c - 3 scrolls of blinking
 f - 3 scrolls of identify
 k - 4 scrolls of enchant weapon {unknown}
 q - 5 scrolls of teleportation {unknown}
 s - 2 scrolls of silence {unknown}
 C - 5 scrolls of immolation {unknown}
 D - 2 scrolls of noise
 I - a scroll of amnesia {unknown}
 J - a scroll of vulnerability {unknown}
 M - a scroll of enchant armour {unknown}
Potions
 j - a potion of lignification
 m - a potion of attraction
 r - 2 potions of brilliance
 t - 2 potions of berserk rage
 x - 2 potions of invisibility
 z - a potion of cancellation
 H - a potion of haste
 O - a potion of heal wounds


   Skills:
 + Level 6.3 Fighting
 - Level 8.7 Long Blades
 - Level 0.7 Throwing
 - Level 1.0 Armour
 + Level 5.8 Dodging
 + Level 5.1 Stealth
 - Level 7.4 Spellcasting
 - Level 4.7 Invocations
 - Level 4.0 Evocations


You couldn't memorise any spells.
You knew the following spells:

 Your Spells              Type           Power      Damage    Failure   Level
a - Blink                 Tloc           N/A        N/A       1%          2
b - Lesser Beckoning      Tloc           16%        N/A       1%          3
c - Gell's Gravitas       Tloc           16%        N/A       1%          3
d - Teleport Other        Tloc           33%        N/A       1%          3
e - Manifold Assault      Tloc           33%        N/A       19%         5
f - Sandblast             Erth           66%        2d15      1%          1
g - Call Imp              Summ           33%        N/A       1%          2
h - Static Discharge      Conj/Air       33%        N/A       1%          2
i - Sticky Flame          Conj/Fire      33%        2d5       6%          4
j - Summon Ice Beast      Ice/Summ       33%        N/A       6%          4
Your spell library was empty.

Dungeon Overview and Level Annotations

Branches:
Dungeon (11/15)            Temple (1/1) D:5            Lair (0/6) D:11
  IceCv (1/1)
    Orc: D:9-12

Altars:
Ashenzari
Cheibriados
Dithmenos
Elyvilon
Fedhas
Gozag
Hepliaklqana
Kikubaaqudgha
Makhleb
Nemelex Xobeh
Okawaru
Qazlal
Ru
Sif Muna
Trog
Uskayaw
Vehumet
Wu Jian
Xom
Yredelemnul
Zin
The Shining One

Shops:
D:4 *   D:5 ?

Annotations:
D:2 1 runed translucent door, Crazy Yiuf
D:6 2 transporters, om's ghost, novice PaBe
D:8 3 runed translucent doors, fortune76's ghost, novice TrBe


Innate Abilities, Weirdness & Mutations

You are immune to sickness and miasma.
You are immune to poison.
Your flesh is very heat resistant. (rF++)
You are vulnerable to cold. (rC-)
You float through the air rather than walking.
You learn spells naturally, not from books.
Your magical power is your life essence.
You have superior vitality. (+4 HP)


Message History

Confirm with . or Enter, or press ? or * to list all spells.
Aiming: Sticky Flame (dangerous; 6% risk of failure)
Press: ? - help, Shift-Dir - straight line, f - freezing wraith
Aim: a freezing wraith (ally target, 100% to hit)
The sticky flame hits the freezing wraith but does no damage.
The freezing wraith hits you! The freezing wraith freezes you!!
You feel a terrible chill!
The freezing wraith hits you but does no damage.
Your iron imp hits the freezing wraith.
The ice beast hits your iron imp. The ice beast freezes your iron imp.
Your iron imp resists.
Your iron imp hits the freezing wraith!
Unknown command.
The ice beast hits your iron imp. The ice beast freezes your iron imp.
Your iron imp resists.
The ice beast hits your iron imp. The ice beast freezes your iron imp.
Your iron imp resists.
Your iron imp dies!
As you read the scroll labelled KEWIDA NIEW UST, it crumbles to dust.
It is a scroll of brand weapon.
Your +1 vorpal long sword is covered with a thin layer of ice!
P - a +1 long sword of freezing The freezing wraith closely misses you.
The freezing wraith hits you! The freezing wraith drains your vigour!
You feel yourself slow down.
Okay, then.
The freezing wraith completely misses you.
The freezing wraith hits you. The freezing wraith drains your vigour!
You feel as though you will be slow longer.
Okay, then.
As you read the scroll labelled NESUIX USMAM, it crumbles to dust.
You assume a fearsome visage.
The ice beast looks frightened!
The freezing wraith is unaffected.
The ice beast looks frightened! x2
It was a scroll of fear.
The freezing wraith misses you. The freezing wraith barely misses you.
Casting: Sticky Flame (dangerous; 6% risk of failure)
Confirm with . or Enter, or press ? or * to list all spells.
A beastly little devil appears in a puff of flame.
The freezing wraith hits you! The freezing wraith freezes you!!
You feel a terrible chill!
You die...

####### ####### ###
#.....## ##..)$$# ...
#......###.....?#....
#.......#5...Y..#....
#.∩..∩..@W....Y......
#.......#.......#....
#......###..Y...# ..
#.....## ##....)#
####### #######


You could see a freezing wraith (ally target), 3 ice beasts and a friendly
crimson imp (summoned).

Vanquished Creatures
  A two-headed ogre (D:9)
  3 kobold demonologists
  2 trolls
  A hornet (D:8)
  2 water elementals (D:11)
  2 wyverns
  7 yaks
  A death yak simulacrum (IceCv)
  3 steam dragons
  Menkaure (D:7)
  An acid dragon (D:10)
  A water moccasin (D:5)
  4 orc warriors
  An ice beast (D:6)
  2 sky beasts
  A hornet zombie (D:7)
  An ogre (D:4)
  3 centaurs
  2 necrophages
  3 wolves
  A phantom (D:6)
  3 kobold brigands
  A wyvern zombie (D:7)
  4 bullfrogs
  A water moccasin zombie (D:6)
  5 killer bees (D:8)
  A water moccasin skeleton (D:7)
  3 howler monkeys (D:9)
  3 electric eels (D:11)
  4 centaur zombies
  5 hounds
  3 orc priests
  2 bullfrog skeletons
  An iron imp (D:10)
  2 centaur skeletons (D:7)
  Jessica (D:2)
  Ijyb (D:5)
  A gnoll shaman (D:7)
  2 iguanas (D:5)
  8 orc wizards
  A wolf simulacrum (IceCv)
  A hound skeleton (D:5)
  2 howler monkey zombies (D:9)
  10 gnolls
  5 adders
  2 white imps
  2 worms
  2 dart slugs
  24 orcs
  2 bats
  5 endoplasms
  3 giant cockroaches
  9 hobgoblins
  12 kobolds
  4 quokkas
  7 ball pythons
  5 goblins
  5 rats
195 creatures vanquished.

Vanquished Creatures (collateral kills)
  An anaconda simulacrum (IceCv)
  A raiju (shapeshifter) (D:10)
  A wraith (D:10)
  5 yaks
  A necrophage (D:6)
  A water moccasin zombie (D:5)
  An orc priest (D:6)
  A hound (D:5)
  A polar bear simulacrum (IceCv)
  A howler monkey zombie (D:6)
  An adder (D:4)
  A shadow imp (Temple)
  2 orcs (D:4)
  A goblin (D:4)
  3 jackals (D:3)
22 creatures vanquished.

Vanquished Creatures (others)
  A howler monkey (D:8)
  4 fungi (D:1)
  6 toadstools (D:1)
11 creatures vanquished.

Grand Total: 228 creatures vanquished

Notes
Turn   | Place    | Note
-------+----------+-------------------------------------------
     0 | D:1      | worthlessgem the Djinni Warper began the quest for the Orb.
     0 | D:1      | Reached XP level 1. HP: 18/18 MP: 0/0
   457 | D:1      | Reached XP level 2. HP: 14/23 MP: 0/0
   617 | D:1      | Found a faded altar of an unknown god.
  1199 | D:1      | Reached XP level 3. HP: 24/28 MP: 0/0
  1199 | D:1      | Learned a level 1 spell: Sandblast
  1929 | D:2      | Noticed Jessica
  1941 | D:2      | Killed Jessica
  1942 | D:2      | Reached XP level 4. HP: 31/33 MP: 0/0
  2291 | D:2      | Found a runed translucent door.
  2292 | D:2      | Noticed Crazy Yiuf
  3426 | D:4      | Reached skill level 2 in Long Blades
  3426 | D:4      | Reached XP level 5. HP: 38/38 MP: 0/0
  3426 | D:4      | Learned a level 2 spell: Call Imp
  3517 | D:4      | Noticed an ogre
  3532 | D:4      | Killed an ogre
  3533 | D:4      | Reached skill level 3 in Long Blades
  3533 | D:4      | Reached XP level 6. HP: 37/43 MP: 0/0
  3702 | D:4      | Noticed a necrophage
  3722 | D:4      | Killed a necrophage
  3789 | D:5      | Entered Level 5 of the Dungeon
  3789 | D:5      | Noticed Ijyb
  3946 | D:4      | Found a sparkling altar of Nemelex Xobeh.
  3946 | D:4      | Found a blossoming altar of Fedhas.
  3957 | D:4      | Found a hazy altar of Hepliaklqana.
  4000 | D:5      | Noticed a water moccasin
  4006 | D:5      | Killed a water moccasin
  4007 | D:5      | Reached skill level 4 in Long Blades
  4382 | D:5      | Found a glowing silver altar of Zin.
  4519 | D:5      | Noticed a steam dragon
  4533 | D:5      | Reached XP level 7. HP: 35/49 MP: 0/0
  4533 | D:5      | Learned a level 2 spell: Static Discharge
  4716 | D:5      | Found a staircase to the Ecumenical Temple.
  4723 | Temple   | Entered the Ecumenical Temple
  4744 | Temple   | Became a worshipper of Makhleb the Destroyer
  4933 | D:3      | Found a shimmering altar of Xom.
  5739 | D:4      | Found Izosyi's Assorted Antiques.
  5742 | D:4      | Bought a tiny platinum amulet for 155 gold pieces
  6309 | D:5      | Killed Ijyb
  6862 | D:5      | Reached skill level 5 in Long Blades
  7150 | D:5      | Found Nusa's Magic Scroll Shoppe.
  7267 | D:6      | Reached skill level 5 in Spellcasting
  7613 | D:6      | Reached XP level 8. HP: 41/54 MP: 0/0
  7901 | D:6      | Reached skill level 6 in Long Blades
  8246 | D:6      | Found a transporter.
  8247 | D:6      | Noticed om's ghost (novice PaBe)
  8247 | D:6      | Noticed a two-headed ogre
  8252 | D:6      | Found a transporter.
  9328 | D:6      | Reached skill level 7 in Long Blades
  9806 | D:6      | Reached XP level 9. HP: 46/59 MP: 0/0
  9806 | D:6      | Learned a level 4 spell: Sticky Flame
 10410 | D:7      | Noticed Menkaure
 10424 | D:7      | Killed Menkaure
 10629 | D:7      | Reached * piety under Makhleb
 11158 | D:7      | Reached skill level 8 in Long Blades
 12195 | D:7      | Found an iron altar of Okawaru.
 12196 | D:7      | Found a shadowy altar of Dithmenos.
 12386 | D:8      | Noticed a hornet
 12400 | D:8      | Killed a hornet
 12739 | D:8      | Reached XP level 10. HP: 24/69 MP: 0/0
 13227 | D:8      | Reached skill level 5 in Fighting
 13642 | D:8      | Identified the +1 scimitar of the Crawling Thing {vorpal,
                  | rF+ Int+3}
 14037 | D:8      | Found a runed translucent gate.
 14040 | D:8      | Found a runed translucent gate.
 14040 | D:8      | Found an opulent altar of Gozag.
 14041 | D:8      | Found a runed translucent gate.
 14042 | D:8      | Noticed a seven-headed hydra
 14042 | D:8      | Noticed fortune76's ghost (novice TrBe)
 14043 | D:8      | Noticed an efreet
 14357 | D:9      | Noticed a kobold demonologist
 14359 | D:9      | Noticed an ice devil
 14359 | D:9      | Noticed a kobold demonologist
 14412 | D:9      | Reached ** piety under Makhleb
 14503 | D:9      | Noticed a two-headed ogre
 14851 | D:9      | Killed a two-headed ogre
 14936 | D:9      | Killed a kobold demonologist
 14946 | D:9      | Noticed a rust devil
 14950 | D:9      | Killed a kobold demonologist
 15561 | D:9      | Reached skill level 1 in Evocations
 15653 | D:9      | Reached skill level 5 in Dodging
 15773 | D:9      | Reached XP level 11. HP: 59/76 MP: 0/0
 15773 | D:9      | Learned a level 4 spell: Summon Ice Beast
 16602 | D:10     | Entered Level 10 of the Dungeon
 16673 | D:10     | Found the +8 Vampire's Tooth {vamp}
 17037 | D:10     | Reached skill level 1 in Stealth
 17452 | D:10     | Found a snail-covered altar of Cheibriados.
 17723 | D:11     | Found a staircase to the Lair.
 17949 | D:11     | Found a frozen archway.
 17954 | D:11     | Noticed a cyclops
 17964 | IceCv    | Entered an ice cave
 17980 | IceCv    | Reached skill level 5 in Stealth
 18076 | IceCv    | Identified the +4 long sword of Fortitude {drain, Dex+5}
 18104 | IceCv    | Slain by a freezing wraith

Illustrated notes

Levels and vault maps discovered:
D:1:      psy_arrival_radial02, layout_basic, ebering_ecumenical_altar_webs,
          minmay_gold_behind_fungi
D:2:      layout_rooms, uniq_jessica, uniq_crazy_yiuf_cottage
D:3:      layout_basic, amcnicky_altar_gilded
D:4:      layout_rooms, chequers_temple_overflow_minitemple, serial_shops, shop,
          grunt_decor_mini_mirrors, minmay_misc_feat_more_columns
D:5:      layout_rooms, zin_scriptorium, minmay_temple_entry_drinking_statues,
          serial_shops, nicolae_shop_statue_plus, st_stairs_4, eino_curves_03,
          item_on_display_a, uniq_ijyb
D:6:      layout_cave_pools, gammafunk_ghost_smash, minmay_misc_feat_pillars
D:7:      layout_rooms, gammafunk_temple_overflow_statue, uniq_menkaure
D:8:      layout_basic, ebering_ghost_gozag
D:9:      layout_roguey
D:10:     layout_small_grid, slow_altar_2
D:11:     layout_roguey, erik_lair_island, orc_0_dummy, serial_ice,
          serial_ice_m, serial_ice_k, serial_ice_a, serial_ice_n,
          portal_ice_cave_entry_pillars_2, minivault_25_ag
Temple:   minmay_temple_bridge_abc
IceCv:    ice_cave_statue_garden_chambered

Skill      XL: |  1  2  3  4  5  6  7  8  9 10 11 |
---------------+----------------------------------+-----
Spellcasting   | 3 4 5 6 7 |  7.4
Long Blades    | 2 3 4 5 7 8 |  8.7
Fighting       | 4 6 |  6.3
Dodging        | 5 |  5.8
Invocations    | 4 |  4.7
Evocations     | 1 4 |  4.0
Stealth        | 5 |  5.1
Throwing       | |  0.7
Armour         | |  1.0

Action                   |  1- 3 |  4- 6 |  7- 9 | 10-12 || total
-------------------------+-------+-------+-------+-------++-------
Melee: Falchion          |    83 |    67 |    39 |       ||   189
       Quarterstaff      |       |       |    41 |       ||    41
       Dagger            |       |       |    38 |     2 ||    40
       Long sword        |       |       |    54 |     6 ||    60
       Short sword       |       |       |    22 |    17 ||    39
       Scimitar          |       |       |       |    76 ||    76
       Quick blade       |       |       |       |   102 ||   102
 Fire: Hunting sling     |       |       |     4 |       ||     4
Throw: Stone             |     1 |     1 |       |       ||     2
       Boomerang         |       |       |     1 |       ||     1
 Cast: Sandblast         |     2 |    10 |    18 |    16 ||    46
       Call Imp          |       |    17 |    40 |    24 ||    81
       Blink             |       |     6 |     6 |     7 ||    19
       Teleport Other    |       |     5 |    19 |     2 ||    26
       Static Discharge  |       |       |    31 |    33 ||    64
       Sticky Flame      |       |       |     8 |    10 ||    18
       Summon Ice Beast  |       |       |       |    16 ||    16
       Lesser Beckoning  |       |       |       |     1 ||     1
Invok: Minor Destruction |       |       |       |    59 ||    59
Evoke: Wand              |       |       |    11 |     2 ||    13
  Use: Scroll            |       |     2 |     7 |     4 ||    13
       Potion            |       |       |     1 |       ||     1
 Stab: Distracted        |       |       |     3 |       ||     3
       Paralysed         |       |       |       |     2 ||     2
Armor: Leather armour    |    26 |    23 |    42 |       ||    91
       Ring mail         |       |       |    24 |    46 ||    70
       Troll leather arm |       |       |       |     6 ||     6
       Acid dragon scale |       |       |       |     4 ||     4
Dodge: Dodged            |    52 |    64 |   197 |   143 ||   456
       Rpst.: Falchion   |    16 |    19 |    11 |       ||    46
       Long sword        |       |       |    21 |     2 ||    23
       Scimitar          |       |       |       |    21 ||    21
